 Dungeon Crawl Stone Soup version 0.20.1-1-g8b1a95d (webtiles) character file.

6934 vomix the Severer (level 10, -1/77 HPs)
             Began as a Minotaur Berserker on Aug 8, 2017.
             Was an Elder of Trog.
             Slain by Urug
             ... wielding a +1 scimitar of flaming
              (6 damage)
             ... on level 10 of the Dungeon.
             The game lasted 00:29:55 (9159 turns).

vomix the Severer (Minotaur Berserker)              Turns: 9159, Time: 00:29:55

Health: -1/77      AC: 20    Str: 21    XL:     10   Next: 80%
Magic:  9/9        EV:  7    Int:  4    God:    Trog [****..]
Gold:   321        SH:  0    Dex: 14    Spells: 9/9 levels left

rFire    . . .     SeeInvis .   H - +0 war axe
rCold    . . .     Gourm    .   (no shield)
rNeg     . . .     Faith    .   M - +0 plate armour
rPois    .         Spirit   .   (helmet restricted)
rElec    .         Reflect  .   n - +1 cloak "Fadgh" {Stlth+}
rCorr    +         Harm     .   G - +1 pair of gloves
MR       ++...                  (no boots)
Stlth    ..........             (no amulet)
Regen    1.3/turn               L - +5 ring of protection
MPRegen  0.2/turn               J - ring of resist corrosion

@: berserk cooldown, regenerating, slowed, very slow
A: retaliatory headbutt, horns 2
a: Berserk, Trog's Hand, Brothers in Arms, Burn Spellbooks, Renounce Religion


You were on level 10 of the Dungeon.
You worshipped Trog.
Trog was greatly pleased with you.
You were very hungry.

You visited 2 branches of the dungeon, and saw 11 of its levels.
You also visited: Ossuary.

You collected 653 gold pieces.
You spent 332 gold pieces at shops.

Inventory:

Hand Weapons
 H - a +0 war axe (weapon)
Missiles
 b - 6 tomahawks of returning (quivered)
Armour
 n - the +1 cloak "Fadgh" (worn) {Stlth+}
   (You bought it in a shop on level 9 of the Dungeon)

   It makes you more stealthy.
 G - a +1 pair of gloves (worn)
 M - a +0 plate armour (worn)
Jewellery
 i - an uncursed ring of positive energy
 J - a ring of resist corrosion (right hand)
 L - a +5 ring of protection (left hand)
Wands
 g - a wand of random effects (28/48)
 x - a wand of lightning (6/15)
 B - a wand of flame (23/48)
 E - a wand of confusion (21/48)
 I - a wand of disintegration (11/24)
 K - a wand of iceblast (11/15)
Scrolls
 d - 4 scrolls of magic mapping
 f - a scroll of noise {unknown}
 h - a scroll of immolation
 k - 2 scrolls of amnesia {unknown}
 o - 2 scrolls of fog {unknown}
 p - a scroll of acquirement {unknown}
 q - 2 scrolls of fear
 u - a scroll of torment {unknown}
 v - 4 scrolls of teleportation
 y - 7 scrolls of remove curse
 z - 3 scrolls of blinking
 A - a scroll of random uselessness {unknown}
 C - 4 scrolls of enchant weapon {unknown}
 N - a scroll of silence {unknown}
 P - a scroll of recharging {unknown}
 Q - a scroll of enchant armour {unknown}
Potions
 a - 2 potions of might
 e - 2 potions of heal wounds
 j - 4 potions of agility
 l - 3 potions of flight
 r - 5 potions of curing
 s - 3 potions of haste
 t - 2 potions of lignification
 D - 2 potions of mutation
Comestibles
 c - 8 bread rations
 m - 3 meat rations
 w - 4 royal jellies
 F - 5 chunks of flesh


   Skills:
 - Level 3.6 Fighting
 + Level 18.0 Axes
 - Level 2.4 Armour
 - Level 2.1 Dodging
 - Level 3.0 Stealth


You had 9 spell levels left.
You didn't know any spells.

Dungeon Overview and Level Annotations

Branches:
Dungeon (10/15)            Temple (1/1) D:5
   Lair: D:8-11         Orc: D:9-12

Altars:
Ashenzari
Cheibriados
Dithmenos
Elyvilon
Fedhas
Gozag
Hepliaklqana
Kikubaaqudgha
Makhleb
Nemelex Xobeh
Okawaru
Qazlal
Ru
Sif Muna
Trog
Uskayaw
Vehumet
Xom
Yredelemnul
Zin
The Shining One

Shops:
D:5 ?   D:9 [

Annotations:
D:3 1 runed door
D:10 Urug


Innate Abilities, Weirdness & Mutations

You reflexively headbutt those who attack you in melee.
You have a pair of horns on your head.


Message History

You slash Urug! You headbutt Urug!
Urug is heavily wounded.
Urug hits you with a scimitar of flaming!
Urug burns you.
* * * LOW HITPOINT WARNING * * *
You hit Urug.
Urug is heavily wounded.
Urug barely misses you.
You barely miss Urug.
Urug is heavily wounded.
Urug hits you with a scimitar of flaming.
* * * LOW HITPOINT WARNING * * *
Urug burns you.
* * * LOW HITPOINT WARNING * * *
You slash Urug!
Urug is severely wounded.
Urug hits you with a scimitar of flaming!!
* * * LOW HITPOINT WARNING * * *
Urug burns you.
You die...

############
......o@.(.#
##########(# #.#
#.####### #.
#........
#..##########..######
#.......##...........
...............###.#.
###)##.....#


You could see Urug.

Vanquished Creatures
  A two-headed ogre (D:8)
  The ghost of jmlagarto the Basher, a novice HOFi (D:7)
  Pikel (D:5)
  The ghost of slacker the Cleaver, a novice MiBe of Trog (D:5)
  A gargoyle (D:8)
  Prince Ribbit (D:5)
  Grinder (D:3)
  A hornet (D:9)
  A wyvern (D:8)
  A spriggan (D:7)
  An ice beast (D:7)
  A sky beast (D:8)
  3 orc warriors
  2 ogres
  A phantom (D:5)
  A necrophage (D:7)
  4 centaurs
  7 bullfrogs
  2 big kobolds
  2 gnoll sergeants
  A wyvern skeleton (D:8)
  6 scorpions
  5 killer bees
  A centaur zombie (D:7)
  2 crimson imps
  A bullfrog zombie (D:7)
  2 quasits
  4 hounds
  2 jellies
  7 orc priests
  6 orc wizards
  Crazy Yiuf (D:2)
  2 bullfrog skeletons
  2 iguanas
  Jessica (D:3)
  Natasha (thrice) (D:3)
  Ijyb (D:5)
  4 worker ants
  A killer bee zombie (D:9)
  A big kobold zombie (Ossuary)
  A hound skeleton (D:4)
  Robin (D:2)
  8 mummies (Ossuary)
  11 adders
  14 gnolls
  A shadow imp (D:6)
  An adder zombie (D:9)
  4 worms
  2 dart slugs
  2 leopard geckos (D:4)
  34 orcs
  3 ball pythons
  5 giant cockroaches
  14 goblins
  11 hobgoblins
  14 jackals
  5 quokkas
  6 bats
  4 frilled lizards
  2 gnoll zombies (Ossuary)
  A hobgoblin zombie (Ossuary)
  19 kobolds
  4 orc zombies (Ossuary)
  8 rats
262 creatures vanquished.

Vanquished Creatures (others)
  3 slaves (D:5)
  An orc warrior (D:6)
  2 worker ants (D:6)
  A jackal skeleton (D:5)
7 creatures vanquished.

Grand Total: 269 creatures vanquished

Notes
Turn   | Place    | Note
-------+----------+-------------------------------------------
     0 | D:1      | vomix the Minotaur Berserker began the quest for the Orb.
     0 | D:1      | Reached XP level 1. HP: 19/19 MP: 0/0
    58 | D:1      | Reached skill level 4 in Axes
   300 | D:1      | Reached XP level 2. HP: 26/26 MP: 1/1
   517 | D:1      | Reached skill level 5 in Axes
   739 | D:2      | Reached XP level 3. HP: 19/31 MP: 2/2
   800 | D:2      | Reached ** piety under Trog
   922 | D:2      | Noticed Robin
   931 | D:2      | Reached XP level 4. HP: 39/39 MP: 3/3
   934 | D:2      | Killed Robin
   934 | D:2      | Reached skill level 6 in Axes
  1019 | D:2      | Found a runed door.
  1024 | D:2      | Noticed Crazy Yiuf
  1032 | D:2      | Killed Crazy Yiuf
  1224 | D:2      | Reached XP level 5. HP: 26/45 MP: 4/4
  1557 | D:3      | Noticed Natasha
  1562 | D:3      | Reached skill level 7 in Axes
  1563 | D:3      | Killed Natasha
  1648 | D:3      | Noticed Jessica
  1659 | D:3      | Killed Jessica
  1671 | D:3      | Found a radiant altar of Vehumet.
  1707 | D:3      | Noticed Natasha
  1715 | D:3      | Killed Natasha
  1726 | D:3      | Noticed Grinder
  1742 | D:3      | Killed Grinder
  1742 | D:3      | Reached skill level 8 in Axes
  1742 | D:3      | Reached skill level 1 in Stealth
  1742 | D:3      | Reached XP level 6. HP: 51/51 MP: 5/5
  1802 | D:3      | Reached skill level 9 in Axes
  1878 | D:3      | Reached *** piety under Trog
  1894 | D:3      | Noticed Natasha
  1899 | D:3      | Killed Natasha
  1947 | D:3      | Found a runed door.
  1947 | D:3      | Noticed an angel
  1948 | D:3      | Found a glowing silver altar of Zin.
  2238 | D:4      | Reached XP level 7. HP: 57/57 MP: 6/6
  2660 | D:4      | Received a gift from Trog
  2713 | D:4      | Found a snail-covered altar of Cheibriados.
  2731 | D:4      | Reached skill level 10 in Axes
  2943 | D:5      | Entered Level 5 of the Dungeon
  2993 | D:5      | Found Misch's Magic Scroll Shoppe.
  3014 | D:5      | Noticed Prince Ribbit
  3023 | D:5      | Killed Prince Ribbit
  3051 | D:5      | Noticed Pikel
  3058 | D:5      | Killed Pikel
  3058 | D:5      | Reached skill level 12 in Axes
  3058 | D:5      | Reached XP level 8. HP: 64/64 MP: 7/7
  3071 | D:5      | Found a sand-covered staircase.
  3079 | Ossuary  | Entered an ossuary
  3486 | D:5      | Found a staircase to the Ecumenical Temple.
  3618 | D:5      | Reached **** piety under Trog
  3645 | D:5      | Reached skill level 13 in Axes
  3711 | D:5      | Noticed Ijyb
  3718 | D:5      | Killed Ijyb
  3775 | D:5      | Reached XP level 9. HP: 70/70 MP: 8/8
  3942 | D:5      | Noticed slacker's ghost (novice MiBe)
  3952 | D:5      | Killed slacker's ghost
  4108 | Temple   | Entered the Ecumenical Temple
  4451 | D:6      | Found a stormy altar of Qazlal.
  4621 | D:6      | Reached skill level 14 in Axes
  4678 | D:6      | Found a shimmering altar of Xom.
  5300 | D:7      | Noticed jmlagarto's ghost (novice HOFi)
  5312 | D:7      | Killed jmlagarto's ghost
  5337 | D:7      | Reached skill level 15 in Axes
  6225 | D:7      | Reached XP level 10. HP: 77/77 MP: 9/9
  6400 | D:8      | Noticed a gargoyle
  6412 | D:8      | Killed a gargoyle
  6412 | D:8      | Reached skill level 16 in Axes
  6676 | D:8      | Found an opulent altar of Gozag.
  6982 | D:8      | Noticed a two-headed ogre
  6988 | D:8      | Killed a two-headed ogre
  6988 | D:8      | Reached skill level 17 in Axes
  7797 | D:9      | Found Vichi's Antique Armour Emporium.
  8265 | D:9      | Bought a heavily runed cloak for 332 gold pieces
  8280 | D:9      | Identified the +1 cloak "Fadgh" {Stlth+} (You bought it in a shop on level 9 of the Dungeon)
  8760 | D:10     | Entered Level 10 of the Dungeon
  8789 | D:10     | Reached skill level 18 in Axes
  9142 | D:10     | Noticed Urug
  9159 | D:10     | Slain by Urug

Skill      XL: |  1  2  3  4  5  6  7  8  9 10 |
---------------+-------------------------------+-----
Axes           | 4 5 6 8 9 12 13 15 18 | 18.0
Stealth        | 1 2 3 |  3.0
Fighting       | |  3.6
Armour         | |  2.4
Dodging        | |  2.1

Action                   |  1- 3 |  4- 6 |  7- 9 | 10-12 || total
-------------------------+-------+-------+-------+-------++-------
Melee: Hand axe          |    74 |   130 |   192 |       ||   396
       Headbutt          |    13 |    17 |    56 |    37 ||   123
       War axe           |       |       |    98 |   194 ||   292
Invok: Berserk           |     1 |     3 |     7 |     7 ||    18
       Trog's Hand       |       |     1 |     5 |     6 ||    12
       Burn Spellbooks   |       |       |     1 |     2 ||     3
  Use: Scroll            |       |     7 |     4 |     7 ||    18
       Potion            |       |       |       |     2 ||     2
 Stab: Invisible         |       |     1 |       |       ||     1
       Confused          |       |       |     1 |       ||     1
  Eat: Chunk             |       |     9 |    15 |     7 ||    31
       Royal jelly       |       |       |     2 |       ||     2
       Fruit             |       |       |     2 |       ||     2
       Meat ration       |       |       |       |     1 ||     1
       Bread ration      |       |       |       |     1 ||     1
Armor: Animal skin       |    10 |       |       |       ||    10
       Ring mail         |    10 |       |       |       ||    10
       Scale mail        |       |    41 |       |       ||    41
       Chain mail        |       |     4 |   134 |   131 ||   269
       Plate armour      |       |       |       |     6 ||     6
Dodge: Dodged            |    47 |    56 |    72 |    84 ||   259
